AoeStats
← Benjas

Migration

504152157Analyzed
1v1 RM · 29d ago on Sep 4, 2026· 46m 2s· 2 players
Game mode
Random Map
Map size
132×132
Population
200
Speed
Normal
Resources
Standard
Victory
Conquest
Starting age
Dark Age
Ending age
Imperial Age
RankedLock teamsTeams togetherTeam positionsShared explorationLock speedFull tech treeHidden civsTurbo modeCheats
Victory
Defeat
🇨🇴 Romans · Colombia
800
+14
🇲🇽 Chinese · Mexico
757
-20
Benjas
15:00 Feudal Age
19:24 Castle Age
17:42 Double-Bit Axe
17:39 Horse Collar
17:54 Gold Mining
17:55 Stone Mining
20:00 Wheelbarrow
20:09 Heavy Plow
20:23 Bow Saw
25:42 Stone Shaft Mining
26:37 Hand Cart
28:05 Murder Holes
28:31 Ballistics
33:56 Imperial Age
31:15 Loom
31:18 Town Watch
32:23 Medium Warships
32:47 Fletching
33:08 Forging
33:00 Scale Mail Armor
33:06 Scale Barding Armor
33:02 Padded Archer Armor
34:09 Elite Fire Lancer
38:37 Conscription
40:19 Chemistry
39:36 Chain Mail Armor
39:57 Iron Casting
42:47 Masonry
crirob2016
13:19 Feudal Age
13:49 Double-Bit Axe
13:52 Fishing Lines
16:01 Wheelbarrow
16:45 Town Watch
16:49 Loom
18:26 Forging
18:17 Scale Mail Armor
18:22 Scale Barding Armor
18:18 Padded Archer Armor
18:08 Fletching
17:46 Man-at-Arms
23:33 Castle Age
22:46 Gold Mining
22:46 Stone Mining
24:17 Gillnets
24:41 Bow Saw
28:45 Imperial Age
26:29 Masonry
26:10 Guard Tower
26:31 Fortified Wall
26:16 Murder Holes
26:36 Clinker Construction
26:56 Hand Cart
27:25 Gold Shaft Mining
28:19 Town Patrol
28:50 Capped Ram
28:55 Long Swordsman
30:32 Pikeman
31:13 Squires
31:19 Halberdier
34:58 Chemistry
34:18 Ballistics
34:29 Architecture
34:05 Siege Engineers
34:11 Careening
35:33 Siege Ram
36:18 Legionary
40:43 Heavy Scorpion
42:49 Carvel Hull
42:59 Chain Mail Armor
43:20 Iron Casting
42:41 Bodkin Arrow
43:01 Leather Archer Armor
Connection lost

Rejoining the realm…

Still unreachable

The connection could not be restored.

Session expired

The server has moved on; the page needs a fresh start.